AoeStats
← 17_Neo_

Arena

507205644Analyzed
3v3 RM · 15d ago on Sep 17, 2026· 36m 57s· 6 players
Game mode
Random Map
Map size
Normal (6 player)
Population
200
Speed
Normal
Resources
Standard
Victory
Conquest
Starting age
Dark Age
Ending age
Imperial Age
RankedLock teamsTeams togetherTeam positionsShared explorationLock speedFull tech treeHidden civsTurbo modeCheats
Victory
Defeat
🇨🇴 Mongols · Colombia
1378
+12
🇨🇴 Bohemians · Colombia
1350
+13
🇨🇴 Teutons · Colombia
1348
+13
🇦🇺 Lithuanians · Australia
1313
-13
🇳🇿 Teutons · New Zealand
1292
-13
🇦🇷 Italians · Argentina
1267
-12
WaffNub
11:24 Feudal Age
15:34 Castle Age
13:56 Double-Bit Axe
14:42 Horse Collar
16:41 Loom
17:53 Bow Saw
19:27 Stone Mining
20:57 Wheelbarrow
24:04 Gold Mining
25:11 Forging
25:06 Scale Barding Armor
25:25 Bloodlines
26:28 Iron Casting
27:37 Chain Barding Armor
35:29 Hand Cart
39:24 Imperial Age
Wolfsun
10:38 Feudal Age
14:24 Castle Age
12:56 Double-Bit Axe
13:05 Horse Collar
14:00 Loom
16:20 Bow Saw
20:21 Wheelbarrow
19:51 Gold Mining
21:40 Hand Cart
22:49 Scale Barding Armor
23:48 Redemption
24:27 Pikeman
28:58 Sanctity
30:28 Sanctity
AsadoFree
10:21 Feudal Age
11:28 Loom
14:16 Castle Age
12:53 Stone Mining
12:58 Double-Bit Axe
13:26 Horse Collar
15:56 Fletching
19:36 Bodkin Arrow
21:17 Padded Archer Armor
27:02 Imperial Age
25:50 Forging
25:46 Scale Barding Armor
29:50 Chemistry
Logan
11:38 Feudal Age
13:19 Wheelbarrow
16:02 Castle Age
15:19 Horse Collar
18:06 Double-Bit Axe
30:42 Bow Saw
30:34 Heavy Plow
39:02 Imperial Age
36:47 Loom
17_Neo_
9:50 Feudal Age
11:23 Wheelbarrow
13:58 Castle Age
12:21 Double-Bit Axe
12:17 Horse Collar
18:00 Loom
24:09 Bow Saw
25:26 Man-at-Arms
25:33 Pikeman
28:47 Fletching
30:35 Ballistics
30:28 Bodkin Arrow
31:09 Padded Archer Armor
33:17 Leather Archer Armor
RAGNAROK
12:05 Feudal Age
14:26 Wheelbarrow
14:19 Double-Bit Axe
16:48 Castle Age
14:32 Horse Collar
16:43 Bloodlines
16:40 Scale Barding Armor
20:46 Heavy Plow
24:23 Chain Barding Armor
29:56 Forging
36:30 Loom
39:44 Imperial Age
Connection lost

Rejoining the realm…

Still unreachable

The connection could not be restored.

Session expired

The server has moved on; the page needs a fresh start.